 Dungeon Crawl Stone Soup version 0.26.1-11-gd32895ea62 (webtiles) character file.

Game seed: 673729963247818364

99 H0rd4k the Insei (level 4, -4/28 HPs)
             Began as an Octopode Transmuter on May 10, 2021.
             Slain by an orc
             ... wielding a +0 dagger
              (5 damage)
             ... on level 3 of the Dungeon.
             The game lasted 00:01:46 (2774 turns).

H0rd4k the Insei (Octopode Transmuter)              Turns: 2774, Time: 00:01:47

Health: -4/28      AC:  2    Str:  5    XL:     4   Next: 72%
Magic:  5/8        EV: 20    Int: 16    God:
Gold:   82         SH:  0    Dex: 17    Spells: 4/8 levels left

rFire    + . .     SeeInvis .     - Unarmed
rCold    x . .     Faith    .   (shield currently unavailable)
rNeg     . . .     Spirit   .   (helmet currently unavailable)
rPois    x         Reflect  .   (no amulet)
rElec    .         Harm     .   h - ring of fire
rCorr    .         Rampage  .   i - +4 ring of slaying
Will     .....                  p - -4 ring of strength (curse)
Stlth    ++........             (no ring)
HPRegen  0.09/turn              (no ring)
MPRegen  0.11/turn              (no ring)
                                (no ring)
                                (no ring)

@: lethally poisoned (-4 -> -30), spider-form (expiring)
A: tiny, almost no armour, stealthy swim, (amphibious), 8 rings, (constrict 8)
a: End Transformation


You were on level 3 of the Dungeon.
You were a venomous arachnid creature.
You visited 1 branch of the dungeon, and saw 3 of its levels.

You collected 82 gold pieces.

Inventory:

Missiles
 o - 7 poisoned darts
Jewellery
 h - a ring of fire (left front leg)
 i - a +4 ring of slaying (right front leg)
 p - a cursed -4 ring of strength (on tentacle)
Scrolls
 a - a scroll of immolation {unknown}
 c - 4 scrolls of identify {unknown}
 d - a scroll of blinking {unknown}
 e - a scroll of fear {unknown}
 j - a scroll of magic mapping {unknown}
 m - a scroll of teleportation {unknown}
 n - a scroll of random uselessness {unknown}
 r - a scroll of remove curse {unknown}
Potions
 b - a potion of haste {unknown}
 f - 3 potions of curing
 g - 2 potions of mutation {unknown}
 k - a potion of heal wounds {unknown}
 l - a potion of lignification {unknown}
 q - a potion of might {unknown}


   Skills:
 + Level 1.2 Fighting
 + Level 2.5 Dodging
 + Level 4.1 Unarmed Combat
 * Level 2.6 Spellcasting
 * Level 2.3 Transmutations
 * Level 1.0 Poison Magic


You had 4 spell levels left.
You knew the following spells:

 Your Spells              Type           Power        Failure   Level
a - Beastly Appendage     Tmut           18%          21%         1
b - Spider Form           Tmut/Pois      3%           50%         3

Your spell library contained the following spells:

 Spells                   Type           Power        Failure   Level
 Wereblood                Tmut           9%           28%         2
 Ice Form                 Ice/Tmut       5%           90%         4
 Blade Hands              Tmut           4%           98%         5


Dungeon Overview and Level Annotations

Branches:
Dungeon (3/15)

Altars:
Uskayaw
Vehumet


Innate Abilities, Weirdness & Mutations

You cannot wear most types of armour.
You are very stealthy in the water. (Stealth+)
((You are amphibious.))
You can wear up to eight rings at the same time.
((You can use your tentacles to constrict eight enemies at once.))
((Your skin changes colour to match your surroundings (Stealth+).))
((Your rubbery body absorbs attacks. (AC +1, EV +1)))


Message History

You are lethally poisoned!
You barely miss something.
You feel sick.
You hit something.
You feel sick. Something hits you but does no damage.
You are more poisoned.
You hit something.
You feel very sick.
Reactivating autopickup.
You feel a bit more experienced. The orc hits you.
* * * LOW HITPOINT WARNING * * *
You feel very sick.
You hit the orc.
You kill the orc!
* * * LOW HITPOINT WARNING * * *
You feel sick.
Your Poison Magic skill increases to level 1!
* * * LOW HITPOINT WARNING * * *
You feel sick.
There is a stone staircase leading up here.
* * * LOW HITPOINT WARNING * * *
You feel sick. The orc hits you with a +0 dagger.
You die...

### ... #.# ##.## #.#
#..รท#####... #.#.#
#........... #.#.# #...#####...
#$#.# ##s## #.# #.#.# #o# #.#
##.#.####o# #.# #
#.(..(.).)#######.#####.o.
####.#..#.####...o.ooo.....o...
.......>..# #########.##....##
###.##.### #.# ...#. # #.# #.#
_.#. #(# #.# .#.


You could see an orc wizard and an orc.

Vanquished Creatures
  An orc wizard (D:3)
  An adder (D:2)
  A worm (D:2)
  A dart slug (D:1)
  A leopard gecko (D:1)
  6 orcs (D:3)
  A ball python (D:2)
  7 giant cockroaches
  5 goblins
  4 hobgoblins
  4 jackals (D:1)
  3 bats (D:1)
  3 frilled lizards
  5 kobolds
  2 rats
45 creatures vanquished.

Notes
Turn   | Place    | Note
-------+----------+-------------------------------------------
     0 | D:1      | H0rd4k the Octopode Transmuter began the quest for the Orb.
     0 | D:1      | Reached XP level 1. HP: 13/13 MP: 3/3
   282 | D:1      | Reached XP level 2. HP: 10/18 MP: 5/5
   881 | D:1      | Reached XP level 3. HP: 4/23 MP: 6/6
  1563 | D:1      | Learned a level 3 spell: Spider Form
  1951 | D:2      | Found a radiant altar of Vehumet.
  2480 | D:3      | Reached XP level 4. HP: 25/28 MP: 7/7
  2741 | D:3      | Found a hide-covered altar of Uskayaw.
  2741 | D:3      | Noticed a +0 dagger
  2767 | D:3      | Reached skill level 4 in Unarmed Combat
  2773 | D:3      | Reached skill level 1 in Poison Magic
  2774 | D:3      | HP: 1/28 [poisoned by an orc wizard]
  2774 | D:3      | Slain by an orc

Illustrated notes

Levels and vault maps discovered:
D:1:      matt_arrival_los_fun, layout_basic, minmay_worlds_worst_comb
D:2:      layout_basic, vehumet_crystals
D:3:      layout_loops_ring, fedhas_ov_isle_minmay, general_overflow_altar,
          dancing_weapons_uskayaw, kennysheep_cluttered_room

Skill      XL: |  1  2  3  4 |
---------------+-------------+-----
Unarmed Combat | 4 |  4.1
Poison Magic   | 1 |  1.0
Fighting       | |  1.2
Dodging        | |  2.5
Spellcasting   | |  2.6
Transmutations | |  2.3

Action                   |  1- 3 |  4- 6 || total
-------------------------+-------+-------++-------
Melee: Unarmed           |    98 |    19 ||   117
       Constrict         |    31 |     2 ||    33
       Tentacles         |    14 |     2 ||    16
       Punch             |     1 |     1 ||     2
 Cast: Spider Form       |       |     1 ||     1
  Use: Potion            |     1 |       ||     1
 Stab: Sleeping          |     9 |       ||     9
Armor: Skin              |     9 |     1 ||    10
Dodge: Dodged            |    59 |     9 ||    68
